 Dungeon Crawl Stone Soup version 0.21.1-1-g345015f (webtiles) character file.

27 letownia2 the Insei (level 3, 0/26 HPs)
             Began as a Merfolk Transmuter on Mar 15, 2018.
             Slain by Crazy Yiuf
             ... wielding a +3 quarterstaff of chaos
              (2 damage)
             ... on level 2 of the Dungeon.
             The game lasted 00:02:42 (546 turns).

letownia2 the Insei (Merfolk Transmuter)             Turns: 546, Time: 00:02:43

Health: 0/26       AC:  2    Str: 11    XL:     3   Next: 10%
Magic:  2/6        EV: 13    Int: 12    God:
Gold:   60         SH:  0    Dex: 14    Spells: 0/6 levels left

rFire    . . .     SeeInvis .     - Unarmed
rCold    . . .     Gourm    +   (no shield)
rNeg     . . .     Faith    .   b - +0 robe
rPois    .         Spirit   .   (no helmet)
rElec    .         Reflect  .   (no cloak)
rCorr    .         Harm     .   (no gloves)
MR       .....                  (no boots)
Stlth    +.........             i - amulet of the gourmand
HPRegen  0.08/turn              (no ring)
MPRegen  0.10/turn              (no ring)

@: very slightly contaminated, drained
A: change form in water, swift swim, stealthy swim
a: no special abilities


You were on level 2 of the Dungeon.
You were not hungry.

You visited 1 branch of the dungeon, and saw 2 of its levels.

You collected 60 gold pieces.

Inventory:

Missiles
 a - 56 arrows
Armour
 b - a +0 robe (worn)
 g - a +0 ring mail
Jewellery
 i - an amulet of the gourmand (around neck)
Scrolls
 e - 2 scrolls of teleportation {unknown}
 f - a scroll of fog {unknown}
 h - 2 scrolls of identify {unknown}
Potions
 j - 2 potions of haste {unknown}
 k - a potion of might {unknown}
Books
 c - a book of Changes

   Spells                             Type                      Level
   a - Beastly Appendage              Transmutation                1
   b - Sticks to Snakes               Transmutation                2
   c - Spider Form                    Transmutation/Poison         3
   d - Ice Form                       Ice/Transmutation            4
   e - Blade Hands                    Transmutation                5
Comestibles
 d - 2 rations


   Skills:
 - Level 1.1(0.8) Fighting
 - Level 2.6(2.4) Dodging
 - Level 4.6(4.3) Unarmed Combat
 - Level 2.0(1.7) Spellcasting
 - Level 2.6(2.4) Transmutations
 + Level 0.0 Poison Magic


You couldn't memorise any spells.
You knew the following spells:

 Your Spells              Type           Power        Failure   Level  Hunger
a - Beastly Appendage     Tmut           #.....       11%         1    ##.....
l - Sticks to Snakes      Tmut           #.......     16%         2    ###....
p - Spider Form           Tmut/Pois      #.........   45%         3    ####...


Dungeon Overview and Level Annotations

Branches:
Dungeon (2/15)

Altars:

Annotations:
D:2 Crazy Yiuf, Terence


Message History

Crazy Yiuf grits, "Ten!"
The frilled lizard hisses angrily.
Crazy Yiuf screams, "Goldfish infinity leg!"
Crazy Yiuf grits, "Cake!
Sif Muna bush light."
Casting: Spider Form
Confirm with . or Enter, or press ? or * to list all spells.
You miscast Spider Form.
Strange energies run through your body.
Crazy Yiuf hits you with a quarterstaff of chaos.
* * * LOW HITPOINT WARNING * * *
Crazy Yiuf freezes you.
* * * LOW HITPOINT WARNING * * *
Crazy Yiuf grits, "Announcement!
Action infinity poople."
Crazy Yiuf screams, "Peeping stair bush!"
Crazy Yiuf whimpers, "Paint mumblescurry turtle!"
The frilled lizard unfolds its giant frill.
Crazy Yiuf screams, "Mountain Xom sizzlefizz!"
Crazy Yiuf hits you with a quarterstaff of chaos.
* * * LOW HITPOINT WARNING * * *
You feel drained.
You die...

#.#.#...##..##
##.###.#####...
#..###### ####
###.......# #.#. #
.........# ##...
#.####.......###..##
#.#.#.#.#.#.........
#...................
##@#)#.#.#.........
#..g...l÷..........
##.#.#.#.#..>......
#..................
##<#.#.#.#.........
#..................
##.#.#.#.#.........
###.(.............
#######......###


You could see Crazy Yiuf and a frilled lizard.

Vanquished Creatures
  An adder (D:2)
  A worm (D:2)
  A leopard gecko (D:2)
  A bat (D:2)
  2 giant cockroaches
  A goblin (D:1)
  A hobgoblin (D:2)
  3 kobolds
  A frilled lizard (D:2)
  A rat (D:2)
13 creatures vanquished.

Notes
Turn   | Place    | Note
-------+----------+-------------------------------------------
     0 | D:1      | letownia2 the Merfolk Transmuter began the quest for the Orb.
     0 | D:1      | Reached XP level 1. HP: 15/15 MP: 3/3
   212 | D:2      | Reached XP level 2. HP: 7/21 MP: 3/5
   241 | D:2      | Learned a level 2 spell: Sticks to Snakes
   313 | D:2      | Reached skill level 4 in Unarmed Combat
   343 | D:2      | Noticed Terence
   398 | D:2      | Reached XP level 3. HP: 4/26 MP: 3/6
   420 | D:2      | Learned a level 3 spell: Spider Form
   439 | D:2      | Found a runed door.
   485 | D:2      | Noticed Crazy Yiuf
   546 | D:2      | Slain by Crazy Yiuf

Skill      XL: |  1  2 |
---------------+-------+-----
Unarmed Combat | 4 |  4.6
Fighting       | |  1.1
Dodging        | |  2.6
Spellcasting   | |  2.0
Transmutations | |  2.6

Action                   || total
-------------------------++-------
Melee: Unarmed           ||    34
       Headbutt          ||     1
 Cast: Beastly Appendage ||    11
       Spider Form       ||     1
Armor: Robe              ||     8
Dodge: Dodged            ||    24
